 Dungeon Crawl Stone Soup version 0.28-a0-1033-g1a2f33fa85 (webtiles) character file.

Game seed: 14269624926328810347

35 wakim the Magician (level 3, 0/35 HPs)
             Began as a Gnoll Wanderer on Dec 8, 2021.
             Succumbed to a goblin's poison
             ... on level 2 of the Dungeon.
             The game lasted 00:04:25 (1096 turns).

wakim the Magician (Gnoll Wanderer)                 Turns: 1096, Time: 00:04:26

Health: 0/35       AC: 12    Str: 10    XL:     3   Next: 33%
Magic:  11/11      EV: 18    Int: 12    God:
Gold:   80         SH:  0    Dex: 13    Spells: 13/16 levels left

rFire   . . .      SeeInvis .   (weapon currently unavailable)
rCold   . . .      Faith    .   (shield currently unavailable)
rNeg    + + +      Spirit   .   (armour currently unavailable)
rPois   +          Reflect  .   (helmet currently unavailable)
rElec   .          Harm     .   (cloak currently unavailable)
rCorr   .          Rampage  .   (gloves currently unavailable)
Will    .....                   (boots currently unavailable)
Stlth   +.........              (no amulet)
HPRegen 0.11/turn               (no ring)
MPRegen 0.12/turn               (no ring)

@: lethally poisoned (0 -> -1), fungus-form
A: melee confuse, terrified, no casting, tiny, (fangs 1), strong nose,
distributed training
a: no special abilities


You were on level 2 of the Dungeon.
You were a sentient fungus.
You visited 1 branch of the dungeon, and saw 2 of its levels.

You collected 80 gold pieces.

Inventory:

Hand Weapons
 a - a +0 dagger (melded)
Armour
 b - a +0 robe (melded)
Scrolls
 e - a scroll of fog {unknown}
 f - 2 scrolls of identify {unknown}
 g - a scroll of blinking {unknown}
 h - a scroll of magic mapping {unknown}
 i - a scroll of teleportation {unknown}
Potions
 d - 2 potions of mutation {unknown}
 j - a potion of invisibility {unknown}
 k - a potion of flight {unknown}
 L - a potion of lignification {!q}


   Skills:
 + Level 6.5 Fighting
 + Level 0.7 Short Blades
 + Level 0.7 Long Blades
 + Level 0.7 Axes
 + Level 0.7 Maces & Flails
 + Level 0.7 Polearms
 + Level 0.7 Staves
 + Level 0.7 Slings
 + Level 0.7 Bows
 + Level 0.7 Crossbows
 + Level 4.5 Throwing
 + Level 0.7 Armour
 + Level 0.7 Dodging
 + Level 0.7 Stealth
 + Level 0.7 Shields
 + Level 0.7 Unarmed Combat
 + Level 7.1 Spellcasting
 + Level 0.5 Conjurations
 + Level 0.5 Hexes
 + Level 0.5 Summonings
 + Level 0.5 Necromancy
 + Level 0.5 Translocations
 + Level 0.5 Transmutations
 + Level 0.5 Fire Magic
 + Level 2.1 Ice Magic
 + Level 0.5 Air Magic
 + Level 0.5 Earth Magic
 + Level 2.1 Poison Magic
 + Level 0.9 Invocations
 + Level 0.7 Evocations


You had 13 spell levels left.
You knew the following spells:

 Your Spells              Type           Power      Damage    Failure   Level
a - Sting                 Tmut/Pois      28%        1d4       10%         1
x - Call Imp              Summ           5%         N/A       21%         2

Your spell library contained the following spells:

 Spells                   Type           Power      Damage    Failure   Level
 Magic Dart               Conj           20%        1d4       13%         1
 Slow                     Hex            20%        N/A       13%         1
 Blink                    Tloc           10%        N/A       21%         2
 Ignite Poison            Fire/Tmut/Pois 6%         N/A       30%         3
 Mephitic Cloud           Conj/Pois/Air  6%         N/A       30%         3
 Conjure Flame            Conj/Fire      5%         6-21      36%         3


Dungeon Overview and Level Annotations

Branches:
Dungeon (2/15)

Altars:

Annotations:
D:2 Robin


Innate Abilities, Weirdness & Mutations

You are a sentient fungus.
You are tiny and evasive.
Your melee attack releases spores that confuse breathing creatures.
You become terrified and freeze when enemies are visible.
Your armour is entirely melded.
You are incapable of wielding weapons or throwing items.
You cannot cast spells.
((You have very sharp teeth.))
Your uncanny sense of smell can sniff out nearby items.
Your experience applies equally to all skills.


Message History

Robin throws the goblin at you!
The goblin no longer looks unusually strong.
The goblin hits you with a +0 club.
* * * LOW HITPOINT WARNING * * *
The goblin hits you but does no damage.
You are lethally poisoned!
* * * LOW HITPOINT WARNING * * *
You feel sick.
* * * LOW HITPOINT WARNING * * *
You feel sick.
* * * LOW HITPOINT WARNING * * *
You feel sick.
You feel better. The goblin barely misses you.
The goblin no longer looks unusually strong.
The goblin hits you with a +0 dagger of venom.
* * * LOW HITPOINT WARNING * * *
You are poisoned.
You feel sick.
Robin zaps a wand.
You turn into a sentient fungus.
Your +0 dagger melds into your body.
Your +0 robe melds into your body.
You're too terrified to move while being watched!
You're too terrified to move while being watched!
Okay, then.
You completely miss the goblin.
You feel sick.
Robin roars a battlecry!
You can't do that in your present form.
You release spores at the goblin!
You kill the goblin!
You feel sick. The goblin misses you.
You barely miss the goblin.
You feel sick. The goblin closely misses you.
Robin roars a battlecry!
The goblins go into a battle-frenzy!
You closely miss the goblin.
You feel sick. The goblin misses you.
You closely miss the goblin. The goblin completely misses you.
The goblin hits you with a +0 club.
* * * LOW HITPOINT WARNING * * *
You release spores at the goblin!
You kill the goblin!
You die...

#.# #....#.## #.# #....#.# #.#
#..<.#.# #.#######..#.#.#
#..........#.#..
######.....#...#.#..
#..............#.#.#
#.####...........# ∆
#...........gf...#
####.##########)g..###########
..............................
...................g.##########.
...#.#.........#####............
................g.g.............
.#.#...............g............
.#.###......###.####...#.....###
# #......###.# #.#.#.....#


You could see Robin and 2 goblins.

Vanquished Creatures
  4 ball pythons
  A bat (D:2)
  An endoplasm (D:1)
  A giant cockroach (D:1)
  5 hobgoblins
  A kobold (D:1)
  A quokka (D:1)
  3 frilled lizards
  11 goblins
  3 rats
31 creatures vanquished.

Vanquished Creatures (others)
  4 plants (D:1)
4 creatures vanquished.

Grand Total: 35 creatures vanquished

Notes
Turn   | Place    | Note
-------+----------+-------------------------------------------
     0 | D:1      | wakim the Gnoll Wanderer began the quest for the Orb.
     0 | D:1      | wakim set off with the following items: a +0 dagger, a +0
                  | robe, a potion of lignification {!q}; and the following
                  | spells available to memorise: Sting, Magic Dart, Slow,
                  | Blink, Call Imp, Ignite Poison, Mephitic Cloud, Conjure
                  | Flame
     0 | D:1      | Reached XP level 1. HP: 23/23 MP: 8/8
     2 | D:1      | Learned a level 1 spell: Sting
   142 | D:1      | Reached XP level 2. HP: 29/29 MP: 5/10
   832 | D:1      | Learned a level 2 spell: Call Imp
   943 | D:2      | Reached XP level 3. HP: 35/35 MP: 9/11
   990 | D:2      | Noticed Robin
  1040 | D:2      | HP: 1/35 [goblin[Robin] (6)]
  1095 | D:2      | HP: 1/35 [goblin[Robin] (5)]
  1096 | D:2      | Succumbed to a goblin's poison

Illustrated notes

Levels and vault maps discovered:
D:1:      mushboom_english_gardens, layout_rooms, serial_forest,
          infiniplex_forest_clump_diagonal, infiniplex_forest_lined_3,
          infiniplex_forest_straight_2, infiniplex_forest_clump_double,
          infiniplex_forest_clump_medium, infiniplex_forest_clump_long,
          infiniplex_forest_clump_small
D:2:      layout_basic, kennysheep_generic_room_15, uniq_terence, uniq_natasha,
          uniq_robin

Skill      XL: |  1 |
---------------+----+-----
Ice Magic      | 2 |  2.1
Poison Magic   | 2 |  2.1
Fighting       | |  6.5
Short Blades   | |  0.7
Long Blades    | |  0.7
Axes           | |  0.7
Maces & Flails | |  0.7
Polearms       | |  0.7
Staves         | |  0.7
Slings         | |  0.7
Bows           | |  0.7
Crossbows      | |  0.7
Throwing       | |  4.5
Armour         | |  0.7
Dodging        | |  0.7
Stealth        | |  0.7
Shields        | |  0.7
Unarmed Combat | |  0.7
Spellcasting   | |  7.1
Conjurations   | |  0.5
Hexes          | |  0.5
Summonings     | |  0.5
Necromancy     | |  0.5
Translocations | |  0.5
Transmutations | |  0.5
Fire Magic     | |  0.5
Air Magic      | |  0.5
Earth Magic    | |  0.5
Invocations    | |  0.9
Evocations     | |  0.7

Action                   || total
-------------------------++-------
Melee: Dagger            ||    20
       Punch             ||     1
       Unarmed           ||     6
 Cast: Sting             ||    38
       Call Imp          ||     1
  Use: Potion            ||     2
Armor: Robe              ||     9
Dodge: Dodged            ||    44

Table legend: (Time is in decaauts)
 A = Elapsed time spent in this place.
 B = Non-inter-level travel time spent in this place.
 C = Inter-level travel time spent in this place.
 D = Time resting spent in this place.
 E = Time spent auto-exploring this place.
 F = Levels seen in this place.
 G = Mean time per level.
                   A        B        C        D        E       F      G
               +--------+--------+--------+--------+--------+-----+--------+
         Total |   1094 |   1091 |      3 |      0 |    782 |   2 |  547.0 |
       Dungeon |   1094 |   1091 |      3 |      0 |    782 |   2 |  547.0 |
               +--------+--------+--------+--------+--------+-----+--------+

Top non-repeatable levels by time:
     D:1: 832 daAuts
     D:2: 262 daAuts
